Description

Its a timing attack of stalkers and oracle, with plus 1 attack, fallow by storm, its really good to train micro and multitask.

PS: remembering that everything you do in this build depends of what your oppenent is doing, you can change the build based on oppenent reaction.

VOD

https://youtu.be/ou4e-KzTlAo?si=oUSau14txZe3OLdf

Build Order

Get SALT Encoding   

  14  0:17  Pylon use the pylon to close the door, when the pylon finish chrono nexus  
  17  0:43  Gateway  
  17  0:45  Assimilator  
  20  1:28  Nexus  
  20  1:36  Cybernetics Core  
  21  1:45  Assimilator  
  22  1:55  Pylon  
  23  2:14  Adept (Chrono Boost) when finished, crossmap for scout  
  26  2:20  Stargate  
  26  2:26  Warp Gate  
  27  2:36  Stalker  
  37  3:05  Oracle (Chrono Boost)  
  39  3:07  Adept  
  41  3:21  Pylon  
  43  3:35  Oracle (Chrono Boost)  
  46  3:46  Nexus  
  48  4:00  Pylon  
  48  4:02  Oracle (Chrono Boost) you can try to kill some drones with oracles  
  53  4:08  Gateway  
  53  4:12  Assimilator x2  
  53  4:14  Adept  
  59  4:36  Twilight Council  
  59  4:37  Forge  
  59  4:43  Adept  
  62  4:46  Pylon  
  62  4:50  Gateway x2  
  65  5:02  Adept x2 attack with adepts, you have to kill some drones  
  72  5:11  Protoss Ground Weapons Level 1 (Chrono Boost)  
  72  5:13  Blink (Chrono Boost)  
  72  5:15  Pylon  
  75  5:26  Stalker x2  
  83  5:50  Stalker x4  
  88  5:54  Pylon if you lost the adepts, dont worry, but you might have 80 supply  
  88  6:06  Shield Battery, Photon Cannon at third base  
  88  6:13  Pylon x2  
  94  6:14  Stalker x4 attacl with the stalkers and oracle for support  
  96  6:30  Assimilator  
  96  6:31  Pylon  
  105  6:49  Stalker x4  
  106  6:58  Protoss Ground Weapons Level 2  
  106  6:59  Charge (Chrono Boost)  
  106  7:10  Templar Archives  
  106  7:20  Stalker x4  
  115  7:22  Nexus  
  115  7:32  Shield Battery at fourth base  
  115  7:35  Robotics Bay, Photon Cannon at fourth base  
  118  7:42  Gateway x4  
  118  7:52  Stalker x4  
  120  8:06  Photon Cannon at fourth base  
  122  8:08  Psionic Storm (Chrono Boost)  
  126  8:16  Photon Cannon x2  
  131  8:20  High Templar x4  
  131  8:40  Immortal  
  135  8:41  Stalker x6  
  146  8:54  Stalker x4  
Spawning Tool Build Advisor. Get it on Overwolf

Go to:

Details

  • Created by: Nate433
  • Published on: Oct 14, 2024
  • Modified on: Oct 15, 2024
  • Patch: 5.0.11
  • Difficulty: Hard
Show
View Real Time Build Order
Export as new Build Order

Comments (0)

There are no comments. Be the first!

Create an account to comment!